 Dungeon Crawl Stone Soup version 0.31.0-11-ge490571c62 (webtiles) character file.

Game seed: 4735675061856339527

8992 bearlyready the Grappler (level 11, 0/160 HPs)
             Began as a Troll Shapeshifter on Feb 10, 2024.
             Was an Initiate of Gozag.
             Slain by Rupert
             ... wielding a +3 great mace of protection
              (20 damage)
             ... on level 12 of the Dungeon.
             The game lasted 00:12:45 (9732 turns).

bearlyready the Grappler (Troll Shapeshifter)       Turns: 9732, Time: 00:12:45

Health: 0/160      AC: 25    Str: 28    XL:     11   Next: 17%
Magic:  10/10      EV:  1    Int:  6    God:    Gozag
Gold:   1434       SH:  5    Dex:  9    Spells: 10/10 levels left

rFire   . .          .
                       - Unarmed
rCold   . . .        (no shield)
rNeg    . . .        a - melded +1 animal skin
rPois   +            (helmet currently unavailable)
rElec   .            (cloak currently unavailable)
rCorr   .            (gloves unavailable)
SInv    +            (boots unavailable)
Will    .....        I - amulet of reflection Stlth
                     D - ring of poison resistance
HPRegen 1.26/turn    C - ring of see invisible
MPRegen 0.12/turn

%: reflection
@: tree-form, silenced, studying Unarmed Combat
A: stationary, stasis, torment immunity, boosted hp, large, unfitting armour,
(claws 3), regeneration 1, (shaggy fur 1), (tough skin 1)
a: Renounce Religion


You were on level 12 of the Dungeon.
You worshipped Gozag.
Gozag was most pleased with you.
You were a tree.
You visited 2 branches of the dungeon, and saw 13 of its levels.

You collected 1592 gold pieces.
You paid 158 gold pieces to Gozag.

Inventory:

Hand Weapons
 A - the +7 hammer "Ciecsunk" {holy, rElec rN+++ Int-5 Dex-3}
   (You found it on level 4 of the Dungeon)

   Int-5:     It affects your intelligence (-5).
   Dex-3:     It affects your dexterity (-3).
   rElec:     It insulates you from electricity.
   rN+++:     It renders you almost immune to negative energy.
Missiles
 g - 89 stones
 o - 10 javelins
 r - 5 silver javelins
 s - 2 boomerangs (quivered)
 G - 14 poisoned darts
Armour
 a - a +1 animal skin (melded)
 z - a +0 cloak
Jewellery
 u - a ring of protection from cold
 C - a ring of see invisible (right branch)
 D - a ring of poison resistance (left branch)
 I - an amulet of reflection (around neck)
 P - a +6 ring of dexterity
Talismans
 c - a beast talisman
 d - a flux talisman
Wands
 q - a wand of acid (8)
 w - a wand of mindburst (34)
 x - a wand of roots (43)
 y - a wand of polymorph (4)
 H - a wand of paralysis (9)
 Q - a wand of flame (6)
Scrolls
 e - 3 scrolls of poison
 h - 2 scrolls of revelation
 k - a scroll of torment
 p - 3 scrolls of enchant weapon
 t - 2 scrolls of amnesia
 J - a scroll of blinking {unknown}
 L - 2 scrolls of enchant armour
 M - a scroll of fog {unknown}
 N - a scroll of fear {unknown}
 O - a scroll of immolation {unknown}
Potions
 b - a potion of lignification
 f - a potion of curing {unknown}
 i - 4 potions of mutation
 j - 2 potions of brilliance {unknown}
 l - a potion of might {unknown}
 m - a potion of heal wounds {unknown}
 n - 2 potions of attraction {unknown}
 v - 4 potions of degeneration
 B - 2 potions of berserk rage
 F - a potion of haste {unknown}
 K - a potion of enlightenment {unknown}


   Skills:
 + Level 6.4 Fighting
 - Level 4.0 Throwing
 - Level 1.5 Dodging
 + Level 13.5 Unarmed Combat
 + Level 1.8 Evocations
 + Level 10.1 Shapeshifting


You had 10 spell levels left.
You didn't know any spells.
Your spell library contained the following spells:

 Spells                   Type           Power      Damage    Failure   Level
 Apportation              Tloc           0%         N/A       45%         1
 Summon Small Mammal      Summ           0%         N/A       45%         1
 Jinxbite                 Hex            0%         N/A       58%         2
 Call Canine Familiar     Summ           0%         N/A       83%         3
 Gell's Gravitas          Tloc           0%         N/A       83%         3
 Sigil of Binding         Hex            0%         N/A       83%         3
 Stone Arrow              Conj/Erth      0%         3d7       83%         3
 Teleport Other           Tloc           0%         N/A       83%         3
 Tukima's Dance           Hex            0%         N/A       83%         3
 Animate Armour           Summ/Erth      0%         N/A       99%         4
 Dimensional Bullseye     Hex/Tloc       0%         N/A       99%         4
 Passage of Golubria      Tloc           0%         N/A       99%         4
 Summon Blazeheart Golem  Fire/Summ      0%         N/A       99%         4
 Alistair's Intoxication  Alch           0%         N/A       100%        5
 Yara's Violent Unravell  Hex/Alch       0%         3d3       100%        5
 Dispersal                Tloc           0%         N/A       100%        6
 Lehudib's Crystal Spear  Conj/Erth      0%         10d2      100%        8


Dungeon Overview and Level Annotations

Branches:
Dungeon (12/15)            Temple (1/1) D:7            Lair (0/5) D:9
    Orc: D:9-12

Altars:
Ashenzari
Cheibriados
Dithmenos
Elyvilon
Fedhas
Gozag
Hepliaklqana
Kikubaaqudgha
Makhleb
Nemelex Xobeh
Okawaru
Qazlal
Ru
Sif Muna
Trog
Uskayaw
Vehumet
Wu Jian
Xom
Yredelemnul
Zin
The Shining One

Annotations:
D:10 2 transporters, brilapsti's ghost, novice TrFi
D:12 Rupert


Innate Abilities, Weirdness & Mutations

You are a tree.
Your roots penetrate the ground, keeping you stationary.
You cannot be teleported.
You are immune to unholy pain and torment.
Your maximum health is greatly increased.
Your equipment is partially melded.
You are too large for most types of armour.
((You have claws for hands.))
Your natural rate of healing is unusually fast.
((You are covered in fur. (AC +1)))
((You have tough skin. (AC +1)))


Message History

As you read the scroll labelled POITSU HUAKUGA, it crumbles to dust.
A profound silence engulfs you.
It was a scroll of silence.
Rupert flies into a rage!
Rupert goes berserk!
You block Rupert's attack.
Your transformation has ended.
You turn into a tree.
Your +1 animal skin melds into your body.
Your roots penetrate the ground.
Rupert hits you with a +3 great mace of protection!
You thrash Rupert!!!
Rupert is moderately wounded.
Rupert hits you with a +3 great mace of protection.
You pummel Rupert!!
Rupert is heavily wounded.
Rupert hits you with a +3 great mace of protection!!
Aiming: Corrosive Bolt
Press: ? - help, Shift-Dir - straight line, f - Rupert
Aim: Rupert, wielding a +3 great mace of protection and wearing a +1 leather armour of willpower (silenced, heavily wounded, berserk, 71% to hit)
The bolt of acid hits Rupert.
The acid corrodes Rupert!
Rupert is heavily wounded.
Rupert hits you with a +3 great mace of protection!
* * * LOW HITPOINT WARNING * * *
Rupert hits you but does no damage.
Aiming: Corrosive Bolt
Press: ? - help, Shift-Dir - straight line, f/p - Rupert
Aim: Rupert, wielding a +3 great mace of protection and wearing a +1 leather armour of willpower (silenced, heavily wounded, berserk, covered in acid, 71% to hit)
The bolt of acid hits Rupert!
Rupert is severely wounded.
Rupert hits you with a +3 great mace of protection!!
* * * LOW HITPOINT WARNING * * *
Okay, then.
Aiming: Corrosive Bolt
Press: ? - help, Shift-Dir - straight line, f/p - Rupert
Aim: Rupert, wielding a +3 great mace of protection and wearing a +1 leather armour of willpower (silenced, severely wounded, berserk, covered in acid, 71% to hit)
The bolt of acid hits Rupert!
Rupert is severely wounded.
Rupert hits you with a +3 great mace of protection!!
You die...
Your body crumbles into a pile of gold.

. #..# .. #..#
... #..# ....
#..# .
.....###..####..
................
.......$.......$
......##@.####.
..... #♣.# ....
#..# ### #..#
#..# #<.#
#........
#........
#..####.. #..# .


You could see Rupert (berserk, corroded).

Vanquished Creatures
  A boulder beetle (D:10)
  A two-headed ogre (D:10)
  A gargoyle (D:10)
  An unseen horror (D:11)
  2 trolls
  7 yaks
  2 vampires
  A steam dragon (D:8)
  5 vampire mosquitoes
  An acid dragon (D:7)
  3 water moccasins
  An orc warrior (D:10)
  2 sky beasts (D:8)
  A black bear (D:7)
  4 ogres
  19 centaurs
  A phantom (D:5)
  2 kobold brigands (D:8)
  Blork the orc (D:4)
  A bullfrog (D:8)
  A gnoll sergeant (D:8)
  2 scorpions (D:5)
  10 wights (D:9)
  6 killer bees
  2 howler monkeys (D:10)
  2 hounds
  2 bombardier beetles
  A jelly (D:5)
  4 orc priests
  Crazy Yiuf (D:4)
  A gnoll bouda (D:7)
  2 iguanas (D:5)
  7 orc wizards
  Robin (D:2)
  8 adders
  8 gnolls
  A ribbon worm (D:2)
  5 dart slugs
  28 orcs
  2 endoplasms
  6 giant cockroaches
  5 hobgoblins
  2 jackals (D:2)
  2 quokkas
  12 ball pythons
  2 bats (D:3)
  7 frilled lizards
  9 goblins
  3 kobolds
  3 rats
202 creatures vanquished.

Vanquished Creatures (others)
  A goblin (D:2)
1 creature vanquished.

Grand Total: 203 creatures vanquished

Notes
Turn   | Place    | Note
-------+----------+-------------------------------------------
     0 | D:1      | bearlyready the Troll Shapeshifter began the quest for the
                  | Orb.
     0 | D:1      | Reached XP level 1. HP: 18/18 MP: 0/0
   236 | D:1      | Reached XP level 2. HP: 26/26 MP: 1/1
   690 | D:2      | Noticed Robin
   697 | D:2      | Killed Robin
   698 | D:2      | Reached XP level 3. HP: 27/32 MP: 2/2
  1217 | D:2      | Reached skill level 4 in Unarmed Combat
  1730 | D:3      | Reached XP level 4. HP: 39/40 MP: 3/3
  2321 | D:3      | Reached XP level 5. HP: 23/46 MP: 4/4
  2635 | D:4      | Noticed an ogre
  2653 | D:4      | Killed an ogre
  2654 | D:4      | Reached skill level 5 in Unarmed Combat
  2907 | D:4      | Reached XP level 6. HP: 53/54 MP: 5/5
  3040 | D:4      | Noticed Blork the orc
  3046 | D:4      | Killed Blork the orc
  3047 | D:4      | Reached skill level 1 in Fighting
  3047 | D:4      | Reached skill level 5 in Shapeshifting
  3472 | D:4      | Found a runed translucent door.
  3473 | D:4      | Noticed Crazy Yiuf
  3479 | D:4      | Killed Crazy Yiuf
  3481 | D:4      | Identified the +7 hammer "Ciecsunk" {holy, rElec rN+++
                  | Int-5 Dex-3}
  3526 | D:5      | Entered Level 5 of the Dungeon
  3531 | D:5      | Reached XP level 7. HP: 65/65 MP: 6/6
  3940 | D:5      | Reached skill level 6 in Unarmed Combat
  4537 | D:6      | Reached XP level 8. HP: 47/75 MP: 7/7
  4686 | D:6      | Found a burning altar of Makhleb.
  5205 | D:6      | Identified a scroll of acquirement
  5209 | D:6      | Acquired a manual of Unarmed Combat
  5227 | D:7      | HP: 2/78 [acid dragon (15)]
  5229 | D:7      | Reached skill level 7 in Unarmed Combat
  5504 | D:7      | Reached skill level 8 in Unarmed Combat
  5800 | D:7      | Found a staircase to the Ecumenical Temple.
  6000 | Temple   | Entered the Ecumenical Temple
  6014 | Temple   | Became a worshipper of Gozag Ym Sagoz the Greedy
  6072 | D:8      | Reached skill level 9 in Unarmed Combat
  6072 | D:8      | Reached XP level 9. HP: 84/84 MP: 8/8
  6241 | D:8      | Reached skill level 10 in Unarmed Combat
  6384 | D:8      | Found a glowing silver altar of Zin.
  6384 | D:8      | Found a basalt altar of Yredelemnul.
  6565 | D:8      | Found a broken altar of Ashenzari.
  6703 | D:9      | Found a staircase to the Lair.
  6888 | D:9      | Noticed a troll
  6893 | D:9      | Killed a troll
  6894 | D:9      | Reached skill level 11 in Unarmed Combat
  7091 | D:9      | Reached skill level 5 in Fighting
  7144 | D:9      | Noticed an ice devil
  7145 | D:9      | Noticed an orange demon
  7145 | D:9      | Noticed an ice devil
  7215 | D:10     | Entered Level 10 of the Dungeon
  7290 | D:10     | Noticed a two-headed ogre
  7305 | D:10     | Killed a two-headed ogre
  7306 | D:10     | Reached skill level 1 in Throwing
  7306 | D:10     | Reached XP level 10. HP: 96/96 MP: 9/9
  7340 | D:10     | Found an ornate altar of the Wu Jian Council.
  7368 | D:10     | Noticed a gargoyle
  7391 | D:10     | Killed a gargoyle
  7392 | D:10     | Reached skill level 12 in Unarmed Combat
  8173 | D:10     | Found a transporter.
  8173 | D:10     | Identified the +7 great mace of World Downfall {distort,
                  | MP+9}
  8173 | D:10     | Noticed a two-headed ogre
  8173 | D:10     | Noticed brilapsti's ghost (novice TrFi)
  8174 | D:10     | Noticed a two-headed ogre
  8174 | D:10     | Noticed a two-headed ogre
  8175 | D:10     | Found a transporter.
  8218 | D:10     | Noticed a two-headed ogre
  8274 | D:9      | Found a hide-covered altar of Uskayaw.
  8708 | D:11     | Reached skill level 13 in Unarmed Combat
  9064 | D:11     | Reached skill level 1 in Evocations
  9114 | D:11     | Reached XP level 11. HP: 97/105 MP: 10/10
  9130 | D:11     | Reached skill level 10 in Shapeshifting
  9144 | D:11     | Noticed a boulder beetle
  9226 | D:10     | Killed a boulder beetle
  9718 | D:12     | Noticed Rupert
  9723 | D:12     | Paralysed by Rupert for 2 turns
  9732 | D:12     | Slain by Rupert

Illustrated notes

Levels and vault maps discovered:
D:1:      eino_arrival_water_cross, layout_basic
D:2:      layout_basic, uniq_robin
D:3:      layout_basic, minivault_14, corner_web_ring
D:4:      layout_gridville, dreamdust_mushroom_princess,
          serial_library_hellmonk_secret_room, corexii_shack,
          hangedman_abyss_or_decor_stabs, grunt_decor_mini_mirrors,
          hangedman_feature_mirror, uniq_blork_the_orc, uniq_crazy_yiuf_cottage
D:5:      layout_cave_pods, serial_glass, glass_columns_a, glass_columns_c,
          minmay_strange_pillars, feat_on_display, due_unseen_surprise,
          kennysheep_small_spiral
D:6:      layout_gridville, mainiacjoe_overflow_24_doors
D:7:      layout_cave_pools, lemuel_temple_firewalk_b, lemuel_flame_loot_1
D:8:      kennysheep_six_static_rooms, layout_rooms, kennysheep_little_box,
          gammafunk_temple_overflow_pools
D:9:      layout_irregular_city, eat_drink_and_be_merry_uskayaw,
          dpeg_oklobed_lair, nicolae_neqoxec_dot_bat
D:10:     layout_stronghold, lemuel_crystal_altar, gammafunk_ghost_smash
D:11:     layout_long_grid
D:12:     layout_long_grid, orc_0_dummy, uniq_rupert
Temple:   lightli_temple_of_artemis

Skill      XL: |  1  2  3  4  5  6  7  8  9 10 11 |
---------------+----------------------------------+-----
Unarmed Combat | 4 5 6 9 11 13 | 13.5
Shapeshifting  | 4 5 6 7 9 10 | 10.1
Fighting       | 2 3 4 5 6 |  6.4
Throwing       | 1 4 |  4.0
Evocations     | 1 |  1.8
Dodging        | |  1.5

Action                     |  1- 3 |  4- 6 |  7- 9 | 10-12 || total
---------------------------+-------+-------+-------+-------++-------
  Melee: Unarmed           |    88 |    92 |   189 |   144 ||   513
         Punch             |     1 |     3 |     9 |    14 ||    27
  Throw: Boomerang         |       |     2 |     4 |       ||     6
         Stone             |       |     1 |       |       ||     1
  Evoke: Wand              |       |     2 |     3 |     3 ||     8
    Use: Scroll            |       |       |    10 |     3 ||    13
         Potion            |       |       |       |     2 ||     2
   Stab: Sleeping          |       |     1 |       |       ||     1
 Armour: Animal skin       |    56 |    40 |   156 |   136 ||   388
         Skin              |       |       |       |     7 ||     7
  Dodge: Dodged            |    36 |    26 |    85 |    61 ||   208
  Block: Other             |       |       |     8 |    41 ||    49
         Reflection        |       |       |       |    14 ||    14
